 Dungeon Crawl Stone Soup version 0.32-a0-7-ge934b4519a (webtiles) character file.

Game seed: 13398252633428240759

266 zazu2006 the Charlatan (level 6, -3/47 HPs)
             Began as a Gnoll Wanderer on Jan 14, 2024.
             Slain by a scorpion (7 damage)
             ... on level 3 of the Dungeon.
             The game lasted 00:06:49 (2156 turns).

zazu2006 the Charlatan (Gnoll Wanderer)             Turns: 2156, Time: 00:06:50

Health: -3/47      AC:  3    Str: 10    XL:     6   Next: 20%
Magic:  6/11       EV: 12    Int:  9    God:
Gold:   228        SH:  0    Dex: 17    Spells: 10/11 levels left

rFire   + . .        a - +0 falchion
rCold   . . .        (no shield)
rNeg    . . .        i - +0 robe {rF+}
rPois   .            (no helmet)
rElec   .            c - +0 cloak
rCorr   .            (no gloves)
SInv    .            (no boots)
Will    .....        (no amulet)
Stlth   +++          (no ring)
HPRegen 0.27/turn    (no ring)
MPRegen 0.12/turn

%: no passive effects
@: lethally poisoned (-3 -> -5), very slightly contaminated
A: fangs 1, strong nose, distributed training
a: no special abilities


You were on level 3 of the Dungeon.
You visited 1 branch of the dungeon, and saw 3 of its levels.

You collected 228 gold pieces.

Inventory:

Hand Weapons
 a - a +0 falchion (weapon)
 d - a +3 dagger
Armour
 c - a +0 cloak (worn)
 f - a +0 leather armour
 i - a +0 robe of fire resistance (worn)
 n - a +0 buckler
Scrolls
 g - a scroll of teleportation
 h - a scroll of poison
 k - 3 scrolls of silence
 l - a scroll of immolation {unknown}
 m - a scroll of amnesia
Miscellaneous
 b - a condenser vane (inert) (quivered)


   Skills:
 + Level 3.2 Fighting
 + Level 1.9 Short Blades
 + Level 3.2 Long Blades
 + Level 1.9 Axes
 + Level 1.9 Maces & Flails
 + Level 1.9 Polearms
 + Level 1.9 Staves
 + Level 1.9 Ranged Weapons
 + Level 3.2 Throwing
 + Level 1.9 Armour
 + Level 1.9 Dodging
 + Level 4.6 Stealth
 + Level 1.9 Shields
 + Level 1.9 Unarmed Combat
 + Level 3.4 Spellcasting
 + Level 1.5 Conjurations
 + Level 1.5 Hexes
 + Level 1.5 Summonings
 + Level 1.5 Necromancy
 + Level 1.5 Translocations
 + Level 1.5 Fire Magic
 + Level 1.5 Ice Magic
 + Level 1.5 Air Magic
 + Level 1.5 Earth Magic
 + Level 1.5 Alchemy
 + Level 3.3 Invocations
 + Level 6.8 Evocations
 + Level 1.7 Shapeshifting


You had 10 spell levels left.
You knew the following spells:

 Your Spells              Type           Power      Damage    Failure   Level
a - Sandblast             Erth           8%         2d5       16%         1

Your spell library contained the following spells:

 Spells                   Type           Power      Damage    Failure   Level
 Slow                     Hex            16%        N/A       16%         1
 Ensorcelled Hibernation  Hex/Ice        8%         N/A       24%         2
 Confusing Touch          Hex            4%         N/A       43%         3
 Fugue of the Fallen      Necr           4%         N/A       43%         3
 Passwall                 Erth           4%         N/A       43%         3
 Sigil of Binding         Hex            4%         N/A       43%         3
 Stone Arrow              Conj/Erth      8%         3d7       43%         3
 Vampiric Draining        Necr           4%         2d6       43%         3
 Anguish                  Hex/Necr       2%         N/A       83%         4
 Brom's Barrelling Bould  Conj/Erth      4%         2d3       83%         4


Dungeon Overview and Level Annotations

Branches:
Dungeon (3/15)

Altars:

Shops:
D:1 (

Annotations:
D:3 Grinder, Robin


Innate Abilities, Weirdness & Mutations

You have very sharp teeth.
Your uncanny sense of smell can sniff out nearby items.
Your experience applies equally to all skills.


Message History

Casting: Sandblast (safe; 16% risk of failure)
Confirm with . or Enter, or press ? or * to list all spells.
Aiming: Sandblast (safe; 16% risk of failure)
Press: ? - help, Shift-Dir - straight line, f/p - scorpion
Aim: a scorpion (lightly wounded, 81% to hit)
You miscast Sandblast.
Nothing appears to happen.
You feel sick.
You are no longer poisoned.
The scorpion stings you but does no damage.
Unknown command.
You aren't carrying any potions.
Clouds condense from the air!
The condenser dries out!
The scorpion stings you.
Unknown command.
You hit the scorpion.
The scorpion is lightly wounded.
The scorpion stings you. The scorpion misses you.
The scorpion attacks as it pursues you! The scorpion stings you.
You see here a +0 short sword of electrocution.
The scorpion stings you.
* * * LOW HITPOINT WARNING * * *
You are poisoned.
The scorpion poisons you!
You feel sick.
There is an escape hatch in the ceiling here.
As you read the scroll labelled FONEABUSAQ, it crumbles to dust.
It is a scroll of identify.
k - 3 scrolls of silence You feel sick.
The scorpion closely misses you.
As you read the scroll of identify, it crumbles to dust.
h - a scroll of poison You feel sick.
The scorpion closely misses you.
As you read the scroll of identify, it crumbles to dust.
m - a scroll of amnesia You feel sick.
The scorpion stings you but does no damage.
The scorpion stings you.
* * * LOW HITPOINT WARNING * * *
As you read the scroll of identify, it crumbles to dust.
g - a scroll of teleportation You feel sick.
The scorpion stings you!
You die...

#.# #.# #.# #.# #.# ..#
#.# .## ######.# . #
#...##.# .. # #.#....# ##
#.. #...######### #.# #.#
###..)s@....# #.#
#...#...#########∆∆ #.#
#.#.#.### ∆∆ #.#
#......#### #.#
#.#.<.....# #.# #.......#
#.##
#......(###############.##
#.........................
#...(...###.......#####...


You could see a scorpion.

Vanquished Creatures
  Sigmund (D:2)
  Jessica (D:2)
  2 adders (D:3)
  5 dart slugs
  2 ribbon worms (D:2)
  3 bats
  4 endoplasms
  A giant cockroach (D:1)
  7 goblins
  8 hobgoblins
  A quokka (D:2)
  5 ball pythons (D:1)
  A frilled lizard (D:1)
  5 kobolds
  5 rats
51 creatures vanquished.

Notes
Turn   | Place    | Note
-------+----------+-------------------------------------------
     0 | D:1      | zazu2006 the Gnoll Wanderer began the quest for the Orb.
     0 | D:1      | zazu2006 set off with the following items: a +0 falchion, a
                  | condenser vane, a +0 cloak, a potion of berserk rage, a +0
                  | robe.
     0 | D:1      | Reached XP level 1. HP: 17/17 MP: 4/4
    85 | D:1      | Reached XP level 2. HP: 13/23 MP: 5/5
   263 | D:1      | Found a transporter.
   263 | D:1      | Found Coifin's Antique Weapon Emporium.
   266 | D:1      | Found a transporter.
   623 | D:2      | Reached XP level 3. HP: 25/28 MP: 7/7
   842 | D:2      | Reached skill level 1 in Short Blades
   842 | D:2      | Reached skill level 1 in Axes
   842 | D:2      | Reached skill level 1 in Maces & Flails
   842 | D:2      | Reached skill level 1 in Polearms
   842 | D:2      | Reached skill level 1 in Staves
   842 | D:2      | Reached skill level 1 in Ranged Weapons
   842 | D:2      | Reached skill level 1 in Armour
   842 | D:2      | Reached skill level 1 in Dodging
   842 | D:2      | Reached skill level 1 in Shields
   842 | D:2      | Reached skill level 1 in Unarmed Combat
  1101 | D:2      | Noticed Sigmund
  1109 | D:2      | Learned a level 1 spell: Sandblast
  1125 | D:2      | Killed Sigmund
  1126 | D:2      | Reached skill level 1 in Conjurations
  1126 | D:2      | Reached skill level 1 in Hexes
  1126 | D:2      | Reached skill level 1 in Summonings
  1126 | D:2      | Reached skill level 1 in Necromancy
  1126 | D:2      | Reached skill level 1 in Translocations
  1126 | D:2      | Reached skill level 1 in Fire Magic
  1126 | D:2      | Reached skill level 1 in Ice Magic
  1126 | D:2      | Reached skill level 1 in Air Magic
  1126 | D:2      | Reached skill level 1 in Earth Magic
  1126 | D:2      | Reached skill level 1 in Alchemy
  1126 | D:2      | Reached skill level 1 in Shapeshifting
  1126 | D:2      | Reached XP level 4. HP: 8/35 MP: 4/8
  1126 | D:2      | Reached XP level 5. HP: 9/41 MP: 4/9
  1402 | D:2      | Noticed Jessica
  1420 | D:2      | Killed Jessica
  1421 | D:2      | Reached XP level 6. HP: 36/47 MP: 6/11
  1718 | D:3      | Noticed Grinder
  1737 | D:3      | Noticed Robin
  2156 | D:3      | Slain by a scorpion

Illustrated notes

Levels and vault maps discovered:
D:1:      tarquinn_simple_flora_water_d, layout_rooms, serial_shops,
          nicolae_shop_drivethru
D:2:      cheibrodos_greedy_goblins, layout_basic, uniq_sigmund, uniq_jessica
D:3:      layout_loops_ring, nicolae_overflow_hidden_temple,
          supply_closet_lemuel, fountainhead, uniq_robin, uniq_grinder

Skill      XL: |  1  2  3 |
---------------+----------+-----
Short Blades   | 1 |  1.9
Axes           | 1 |  1.9
Maces & Flails | 1 |  1.9
Polearms       | 1 |  1.9
Staves         | 1 |  1.9
Ranged Weapons | 1 |  1.9
Armour         | 1 |  1.9
Dodging        | 1 |  1.9
Shields        | 1 |  1.9
Unarmed Combat | 1 |  1.9
Fighting       | 3 |  3.2
Long Blades    | 3 |  3.2
Throwing       | 3 |  3.2
Spellcasting   | 3 |  3.4
Conjurations   | 1 |  1.5
Hexes          | 1 |  1.5
Summonings     | 1 |  1.5
Necromancy     | 1 |  1.5
Translocations | 1 |  1.5
Fire Magic     | 1 |  1.5
Ice Magic      | 1 |  1.5
Air Magic      | 1 |  1.5
Earth Magic    | 1 |  1.5
Alchemy        | 1 |  1.5
Invocations    | 3 |  3.3
Shapeshifting  | 1 |  1.7
Stealth        | |  4.6
Evocations     | |  6.8

Action                     |  1- 3 |  4- 6 || total
---------------------------+-------+-------++-------
  Melee: Falchion          |   111 |     2 ||   113
         Bite              |     6 |     1 ||     7
         Punch             |     3 |       ||     3
   Cast: Sandblast         |     4 |    35 ||    39
  Evoke: Condenser vane    |     1 |     1 ||     2
    Use: Potion            |     2 |       ||     2
         Scroll            |       |     4 ||     4
   Stab: Sleeping          |     6 |     1 ||     7
 Armour: Robe              |    63 |    22 ||    85
  Dodge: Dodged            |    65 |    17 ||    82

Table legend: (Time is in decaauts)
 A = Elapsed time spent in this place.
 B = Non-inter-level travel time spent in this place.
 C = Inter-level travel time spent in this place.
 D = Time resting spent in this place.
 E = Time spent auto-exploring this place.
 F = Levels seen in this place.
 G = Mean time per level.
                   A        B        C        D        E       F      G
               +--------+--------+--------+--------+--------+-----+--------+
         Total |   2209 |   2096 |    113 |      0 |   1527 |   3 |  736.3 |
       Dungeon |   2209 |   2096 |    113 |      0 |   1527 |   3 |  736.3 |
               +--------+--------+--------+--------+--------+-----+--------+

Top non-repeatable levels by time:
     D:2: 1299 daAuts
     D:1: 517 daAuts
     D:3: 391 daAuts
